 Dungeon Sprint DCSS version 0.30-a0-824-g6c64550be9 (webtiles) character file.

Game seed: 12083272425183583239

453 BigDaddyOpFi the Fighter (level 6, -3/96 HPs)
             Began as a Minotaur Berserker on Feb 27, 2023.
             Was a Believer of Trog.
             Slain by Sonja
             ... wielding a +2 dagger of distortion
              (9 damage)
             ... in the Dungeon (Sprint I: "Red Sonja").
             The game lasted 00:00:39 (673 turns).

BigDaddyOpFi the Fighter (Minotaur Berserker)        Turns: 673, Time: 00:00:39

Health: -3/96      AC:  2    Str: 23    XL:     6   Next: 75%
Magic:  5/5        EV: 14    Int:  4    God:    Trog [**....]
Gold:   303        SH:  0    Dex: 10    Spells: 5/5 levels left

rFire   . . .      SeeInvis .    a - +0 hand axe
rCold   . . .      Faith    .    (no shield)
rNeg    . . .      Spirit   .    b - +0 animal skin
rPois   .          Reflect  .    (helmet restricted)
rElec   .          Harm     .    (no cloak)
rCorr   .          Rampage  .    (no gloves)
Will    .....      NoTele   +    (no boots) Stlth
                                 (no amulet)
HPRegen 0.36/turn                (no ring)
MPRegen 0.09/turn                (no ring)

@: berserking, lethally poisoned (-3 -> -7), slowed
A: horns 2, retaliatory headbutt
a: Renounce Religion, Berserk, Trog's Hand


You were in the Dungeon.
You worshipped Trog.
Trog was pleased with you.
You visited 1 branch You collected 303 gold pieces.

Inventory:

Hand Weapons
 a - a +0 hand axe (weapon)
Armour
 b - a +0 animal skin (worn)
Wands
 i - a wand of quicksilver (5)
Scrolls
 h - a scroll of blinking
Potions
 c - a potion of curing
 d - a potion of heal wounds
 e - a potion of haste
 f - 2 potions of magic
 g - a potion of berserk rage


   Skills:
 + Level 9.5 Fighting
 + Level 9.5 Axes
 + Level 9.0 Armour
 + Level 8.3 Dodging


You had 5 spell levels left.
You didn't know any spells.
Your spell library was empty.

Dungeon Overview and Level Annotations

Branches:
Dungeon (1/1)

Altars:
Cheibriados
Dithmenos
Elyvilon
Fedhas
Gozag
Hepliaklqana
Kikubaaqudgha
Nemelex Xobeh
Okawaru
Qazlal
Ru
Sif Muna
Trog
Uskayaw
Vehumet
Wu Jian
Yredelemnul
Zin
The Shining One

Shops:
D :

Annotations:
D Sonja


Innate Abilities, Weirdness & Mutations

You have a pair of horns on your head.
You reflexively headbutt those who attack you in melee.


Message History

You see here a yak corpse.
You open the door.
Sonja, the Graceful Assassin comes into view.
She is wielding a +2 dagger of distortion and quivering curare-tipped darts.
Found 108 gold pieces.
Sonja shouts!
Sonja throws a curare-tipped dart.
The curare-tipped dart hits you.
You are poisoned.
You have difficulty breathing.
You feel yourself slow down.
Sonja says, "Someone hired me to kill you, but I'm not supposed to say who."
Sonja throws a curare-tipped dart.
The curare-tipped dart completely misses you.
You feel very sick.
Sonja throws a curare-tipped dart.
The curare-tipped dart hits you.
You are more poisoned.
You have difficulty breathing.
You feel as though you will be slow longer.
There is an open door here.
A red film seems to cover your vision as you go berserk!
You feel yourself moving faster!
You feel mighty!
You feel very sick.
Sonja hits you with a +2 dagger of distortion!
Space warps around you! Sonja barely misses you.
Sonja hits you but does no damage.
You barely miss Sonja. Your headbutt misses Sonja.
You feel sick. Sonja misses you.
Sonja hits you with a +2 dagger of distortion. x2
Space warps around you.
You miss Sonja. Your headbutt misses Sonja. Your punch misses Sonja.
You feel sick.
Sonja hits you with a +2 dagger of distortion.
* * * LOW HITPOINT WARNING * * *
Sonja hits you with a +2 dagger of distortion!
* * * LOW HITPOINT WARNING * * *
Sonja hits you with a +2 dagger of distortion.
* * * LOW HITPOINT WARNING * * *
You completely miss Sonja.
You feel sick.
Sonja hits you with a +2 dagger of distortion!
* * * LOW HITPOINT WARNING * * *
Space warps horribly around you!
You die...

#<.#..)..#..'..#
#..)..#..').#..+
#..#####'#####'#
#..####..#...#.#
#..#__####..##[#
#..#_____##'#_.+
#⌠⌠#_.∩...†..._#
####_..__##_.#+#
#_____###@#
####### #K# $.$
#$.$# ##.## #+#


You could see Sonja.

Vanquished Creatures
  Sigmund (D)
  A yak (D)
  An ogre (D)
  A jelly (D)
  Ijyb (D)
5 creatures vanquished.

Notes
Turn   | Place    | Note
-------+----------+-------------------------------------------
     0 | D        | BigDaddyOpFi the Minotaur Berserker began the quest for the
                  | Orb.
     0 | D        | Reached XP level 1. HP: 19/19 MP: 0/0
     2 | D        | Noticed Ijyb
    17 | D        | Killed Ijyb
    18 | D        | Reached skill level 5 in Fighting
    18 | D        | Reached skill level 5 in Axes
    18 | D        | Reached XP level 2. HP: 13/29 MP: 1/1
   316 | D        | Noticed an ogre
   319 | D        | Killed an ogre
   320 | D        | Reached skill level 5 in Dodging
   320 | D        | Reached XP level 3. HP: 38/38 MP: 2/2
   320 | D        | Reached XP level 4. HP: 45/45 MP: 3/3
   431 | D        | Noticed Sigmund
   437 | D        | Killed Sigmund
   437 | D        | Reached ** piety under Trog
   438 | D        | Reached XP level 5. HP: 56/56 MP: 4/4
   438 | D        | Reached XP level 6. HP: 62/62 MP: 5/5
   536 | D        | Found an ornate altar of the Wu Jian Council.
   536 | D        | Found a shimmering blue altar of Sif Muna.
   538 | D        | Found a radiant altar of Vehumet.
   596 | D        | Found Adout's Book Emporium.
   596 | D        | Found an ancient bone altar of Kikubaaqudgha.
   596 | D        | Found a hazy altar of Hepliaklqana.
   596 | D        | Found a stormy altar of Qazlal.
   596 | D        | Found a hide-covered altar of Uskayaw.
   596 | D        | Found a blossoming altar of Fedhas.
   596 | D        | Found a bloodstained altar of Trog.
   596 | D        | Found an iron altar of Okawaru.
   596 | D        | Found a basalt altar of Yredelemnul.
   596 | D        | Found a glowing golden altar of the Shining One.
   596 | D        | Found a snail-covered altar of Cheibriados.
   596 | D        | Found a sacrificial altar of Ru.
   596 | D        | Found a glowing silver altar of Zin.
   596 | D        | Found a shadowy altar of Dithmenos.
   596 | D        | Found a white marble altar of Elyvilon.
   596 | D        | Noticed a yak
   608 | D        | Killed a yak
   609 | D        | Found an opulent altar of Gozag.
   610 | D        | Found a sparkling altar of Nemelex Xobeh.
   667 | D        | Noticed Sonja
   673 | D        | Slain by Sonja

Illustrated notes

Levels and vault maps discovered:
D:        dungeon_sprint_1 [red_sonja_temple_1, red_sonja_temple_small_1]

Skill      XL: |  1  2  3  4  5  6 |
---------------+-------------------+-----
Fighting       | 5 6 8 9 |  9.5
Axes           | 5 6 8 9 |  9.5
Armour         | 4 6 7 9 |  9.0
Dodging        | 3 5 7 8 |  8.3

Action                     |  1- 3 |  4- 6 || total
---------------------------+-------+-------++-------
  Melee: Hand axe          |    16 |    20 ||    36
         Headbutt          |     2 |     2 ||     4
 Invoke: Berserk           |     2 |     4 ||     6
 Armour: Animal skin       |     1 |     1 ||     2
  Dodge: Dodged            |     7 |     8 ||    15

Table legend: (Time is in decaauts)
 A = Elapsed time spent in this place.
 B = Non-inter-level travel time spent in this place.
 C = Inter-level travel time spent in this place.
 D = Time resting spent in this place.
 E = Time spent auto-exploring this place.
 F = Levels seen in this place.
 G = Mean time per level.
                   A        B        C        D        E       F      G
               +--------+--------+--------+--------+--------+-----+--------+
         Total |    721 |    721 |      0 |    609 |      0 |   1 |  721.0 |
       Dungeon |    721 |    721 |      0 |    609 |      0 |   1 |  721.0 |
               +--------+--------+--------+--------+--------+-----+--------+

Top non-repeatable levels by time:
       D: 721 daAuts
